 Dungeon Crawl Stone Soup version 0.21.1-1-g345015f (webtiles) character file.

779 Killswitch the Grave Robber (level 7, -2/55 HPs)
             Began as a Deep Dwarf Necromancer on Feb 6, 2018.
             Slain by Unforgiven's ghost (5 damage)
             ... on level 5 of the Dungeon.
             The game lasted 01:26:26 (3991 turns).

Killswitch the Grave Robber (DDNe)                  Turns: 3991, Time: 01:26:26

Health: -2/55      AC:  8    Str: 11    XL:     7   Next: 54%
Magic:  11/11      EV: 11    Int: 18    God:
Gold:   314        SH:  0    Dex: 11    Spells: 2/12 levels left

rFire    . . .     SeeInvis .   u - +2 short sword (speed)
rCold    . . .     Gourm    .   (no shield)
rNeg     + . .     Faith    .   y - +0 ring mail
rPois    .         Spirit   .   (no helmet)
rElec    .         Reflect  .   (no cloak)
rCorr    .         Harm     .   (no gloves)
MR       +....                  v - +2 pair of boots
Stlth    ++........             (no amulet)
HPRegen  0.00/turn              (no ring)
MPRegen  0.12/turn              D - ring of positive energy

@: non-regenerating
A: damage resistance, heal wounds, hooves 1, clumsy 1, sense surroundings 1, no
regeneration
a: Heal Wounds


You were on level 5 of the Dungeon.
You were near starving.

You visited 1 branch of the dungeon, and saw 5 of its levels.

You collected 314 gold pieces.

Inventory:

Hand Weapons
 h - a +1 short sword of electrocution
 i - a +0 blowgun
 l - a +0 hunting sling
 o - a +0 shortbow
 t - a +0 hand axe
 u - a +2 short sword of speed (weapon)
Missiles
 g - 239 stones
 k - 7 tomahawks (quivered)
 m - 52 bolts
 A - 63 arrows
 G - 13 sling bullets
Armour
 a - a +0 robe
 e - a cursed +0 scale mail
 v - a +2 pair of boots (worn)
 x - a +0 shield
 y - a +0 ring mail (worn)
Jewellery
 w - an uncursed ring of ice
 D - a ring of positive energy (right hand)
 K - an uncursed ring of magical power {unknown}
Scrolls
 d - a scroll of blinking {unknown}
 p - 3 scrolls of fear
 q - a scroll of enchant armour {unknown}
 r - 2 scrolls of remove curse {unknown}
 s - 2 scrolls of enchant weapon
 C - 2 scrolls of immolation {unknown}
 E - a scroll of fog {unknown}
 H - a scroll of amnesia {unknown}
Potions
 f - 4 potions of curing
 j - a potion of agility {unknown}
 n - 2 potions of brilliance {unknown}
 z - 2 potions of flight {unknown}
 B - 3 potions of haste {unknown}
 F - a potion of lignification {unknown}
 I - a potion of invisibility {unknown}
 J - a potion of degeneration {unknown}
Books
 b - a book of Necromancy

   Spells                             Type                      Level
   a - Pain                           Necromancy                   1
   b - Animate Skeleton               Necromancy                   1
   c - Vampiric Draining              Necromancy                   3
   d - Regeneration                   Charms/Necromancy            3
   e - Animate Dead                   Necromancy                   4
   f - Borgnjor's Vile Clutch         Necromancy/Earth             5
Comestibles
 c - 10 rations


   Skills:
 + Level 1.9 Armour
 - Level 3.7 Dodging
 + Level 5.2 Stealth
 + Level 3.4 Spellcasting
 + Level 6.8 Necromancy
 * Level 3.8 Earth Magic


You had 2 spell levels left.
You knew the following spells:

 Your Spells              Type           Power        Failure   Level  Hunger
a - Pain                  Necr           ####         2%          1    None
b - Animate Skeleton      Necr           N/A          2%          1    None
c - Vampiric Draining     Necr           ####......   7%          3    ###....
d - Borgnjor's Vile Clut  Necr/Erth      ###.......   73%         5    ######.


Dungeon Overview and Level Annotations

Branches:
Dungeon (5/15)
 Temple: D:4-7

Altars:
Dithmenos
Nemelex Xobeh
Uskayaw

Annotations:
D:5 Unforgiven's ghost, novice GnMo


Innate Abilities, Weirdness & Mutations

You are resistant to damage.
You can heal yourself by infusing magical energy.
You passively map a small area around you.
You do not regenerate.
You have large cloven feet.
You are clumsy. (Dex -2)


Message History

Unforgiven's ghost is almost destroyed.
Unforgiven's ghost hits you.
You puncture Unforgiven's ghost!
Unforgiven's ghost is almost destroyed.
You hit Unforgiven's ghost but do no damage.
Unforgiven's ghost is almost destroyed.
Unforgiven's ghost hits you but does no damage.
You hit Unforgiven's ghost but do no damage.
Unforgiven's ghost is almost destroyed.
Unforgiven's ghost hits you.
You hit Unforgiven's ghost but do no damage.
Unforgiven's ghost is almost destroyed.
You miss Unforgiven's ghost.
Unforgiven's ghost is almost destroyed.
Unforgiven's ghost hits you!
* * * LOW HITPOINT WARNING * * *
You hit Unforgiven's ghost.
Unforgiven's ghost is almost destroyed.
Unforgiven's ghost hits you!
You die...

#)# ##########.###.###
#.# #.......[.........
#.# #.#######.#.......
#.# #.# #.#.......
#.######.#######.#.......
#.##.......W.............
#.##.###.#########.......
#.# ,*#W.# #....... #.#
*#.@#* * ####.###.##
#.#####''# , ,..#.# #...
#....#8..≈ #.#.# ####
#....##__##.####.#W#
#.#####⌠⌠##.W..s...#
#.##############.###
#......### #.#
######...#######.#
#...........#


You could see Unforgiven's ghost.

Vanquished Creatures
  The ghost of lux767 the Magician, an amateur OpFE (D:4)
  2 centaurs (D:5)
  A howler monkey (D:4)
  An orc priest (D:3)
  4 orc wizards
  3 worker ants
  3 gnolls (D:2)
  6 adders
  An ooze (D:3)
  4 worms (D:3)
  An adder skeleton (D:4)
  3 leopard geckos (D:3)
  6 orcs
  6 bats
  3 giant cockroaches
  12 goblins
  9 hobgoblins
  6 jackals
  2 quokkas
  2 ball pythons
  3 frilled lizards
  8 kobolds
  2 leopard gecko skeletons (D:4)
  7 rats
96 creatures vanquished.

Vanquished Creatures (collateral kills)
  A crimson imp (D:5)
  A hound zombie (D:5)
  A dart slug (D:3)
  An orc (D:3)
  A bat (D:1)
  A giant cockroach (D:3)
  2 goblins (D:3)
  2 hobgoblins (D:3)
  A ball python skeleton (D:4)
  A kobold (D:1)
12 creatures vanquished.

Grand Total: 108 creatures vanquished

Notes
Turn   | Place    | Note
-------+----------+-------------------------------------------
     0 | D:1      | Killswitch the Deep Dwarf Necromancer began the quest for the Orb.
     0 | D:1      | Reached XP level 1. HP: 15/15 MP: 3/3
    28 | D:1      | Learned a level 1 spell: Animate Skeleton
   317 | D:1      | Reached XP level 2. HP: 22/22 MP: 4/4
   712 | D:2      | Reached XP level 3. HP: 21/28 MP: 6/6
   717 | D:2      | Learned a level 3 spell: Vampiric Draining
   923 | D:2      | Reached skill level 5 in Necromancy
  1093 | D:2      | Reached XP level 4. HP: 35/36 MP: 1/7
  1514 | D:3      | Reached XP level 5. HP: 19/42 MP: 0/8
  2188 | D:3      | Reached skill level 6 in Necromancy
  2579 | D:4      | Reached XP level 6. HP: 48/49 MP: 1/10
  2719 | D:4      | Learned a level 5 spell: Borgnjor's Vile Clutch
  2798 | D:4      | Noticed lux767's ghost (amateur OpFE)
  2835 | D:4      | Reached skill level 1 in Earth Magic
  2845 | D:4      | Killed lux767's ghost
  2845 | D:4      | Reached skill level 1 in Armour
  2845 | D:4      | Reached XP level 7. HP: 20/55 MP: 2/10
  2974 | D:4      | Gained mutation: You are clumsy. (Dex -2) [potion of mutation]
  2974 | D:4      | Gained mutation: You have large cloven feet. [potion of mutation]
  3108 | D:4      | Found a sparkling altar of Nemelex Xobeh.
  3296 | D:5      | Entered Level 5 of the Dungeon
  3310 | D:5      | Reached skill level 5 in Stealth
  3908 | D:5      | Noticed Unforgiven's ghost (novice GnMo)
  3932 | D:5      | Found a hide-covered altar of Uskayaw.
  3932 | D:5      | Found a shadowy altar of Dithmenos.
  3991 | D:5      | Slain by Unforgiven's ghost

Skill      XL: |  1  2  3  4  5  6  7 |
---------------+----------------------+-----
Spellcasting   | 2 3 |  3.4
Stealth        | 3 4 5 |  5.2
Necromancy     | 5 6 |  6.8
Dodging        | 3 |  3.7
Earth Magic    | 2 3 |  3.8
Armour         | 1 |  1.9

Action                   |  1- 3 |  4- 6 |  7- 9 || total
-------------------------+-------+-------+-------++-------
Melee: Short sword       |     2 |     5 |    57 ||    64
       Unarmed           |     2 |       |       ||     2
       Hand axe          |       |    24 |     1 ||    25
       Hunting sling     |       |     1 |       ||     1
 Fire: Hunting sling     |    44 |   123 |    14 ||   181
Throw: Stone             |     8 |     4 |       ||    12
       Tomahawk          |       |    30 |       ||    30
 Cast: Pain              |     7 |    26 |       ||    33
       Animate Skeleton  |    14 |    30 |     6 ||    50
       Vampiric Draining |     6 |    28 |    11 ||    45
 Abil: Heal Wounds       |       |     1 |     1 ||     2
  Use: Scroll            |       |     6 |     1 ||     7
       Potion            |       |     1 |     1 ||     2
 Stab: Sleeping          |     2 |     1 |       ||     3
  Eat: Chunk             |     2 |     9 |     3 ||    14
Armor: Leather armour    |     6 |    20 |       ||    26
       Ring mail         |       |    59 |    12 ||    71
Dodge: Dodged            |    12 |   114 |    22 ||   148
